 Dungeon Crawl Stone Soup version 0.15-a0-1995-g7e6aeab (webtiles) character file.

116 N00bl0rd the Bolt Thrower (level 5, -1/29 HPs)
             Began as a Kobold Arcane Marksman on July 11, 2014.
             Engulfed by a cloud of flame (14 damage)
             ... on Level 3 of the Dungeon.
             The game lasted 00:08:28 (2968 turns).

N00bl0rd the Bolt Thrower (Kobold Arcane Marksman)  Turns: 2968, Time: 00:08:28

HP  -1/29        AC  3     Str 16      XL: 5   Next: 21%
MP   7/7         EV 15     Int 11      God:
Gold 153         SH  0     Dex 15      Spells:  3 memorised,  1 level left

rFire  + . .     SeeInvis .     g - +1 dagger (venom)
rCold  + . .     Clarity  .     q - +1 robe {MR+}
rNeg   . . .     rCorr    .     (no shield)
rPois  +         rRot     .     (no helmet)
rElec  +         Spirit   .     (no cloak)
SustAb .         Warding  .     (no gloves)
rMut   .         Stasis   .     (no boots)
Gourm  .                        (no amulet)
MR     +....                    (no ring)
                                i - ring of poison resistance

@: mighty, resistant, somewhat resistant to hostile enchantments, very
unstealthy
A: carnivore 3
a: no special abilities


You were on level 3 of the Dungeon.
You were very full.

You visited 1 branch of the dungeon, and saw 3 of its levels.

You collected 153 gold pieces.

Inventory:

Hand weapons
 b - a +0 crossbow
 g - a +1 dagger of venom (weapon)
Missiles
 c - 29 bolts
Armour
 q - a +1 robe of magic resistance (worn)
Magical devices
 a - a wand of magic darts (1)
 n - a wand of teleportation (4) {unknown}
Comestibles
 f - 3 meat rations
 j - a beef jerky
 r - a rotting chunk of human flesh
 t - a rotting chunk of adder flesh
 u - 2 rotting chunks of hobgoblin flesh
Scrolls
 e - 2 scrolls of teleportation {unknown}
 h - a scroll of magic mapping {unknown}
 m - 2 scrolls of identify {unknown}
 o - a scroll of remove curse {unknown}
 s - a scroll of enchant armour {unknown}
Jewellery
 i - a ring of poison resistance (left hand)
Potions
 p - a potion of heal wounds {unknown}
Books
 d - a book of Debilitation

   Spells                             Type                      Level
   *Corona                            Hexes                        1
   *Slow                              Hexes                        2
   *Inner Flame                       Hexes/Fire                   3
   Enslavement                        Hexes                        4
   Cause Fear                         Hexes                        4
   Leda's Liquefaction                Hexes/Earth                  4


   Skills:
 + Level 1.3 Fighting
 + Level 1.0 Short Blades
 * Level 4.1 Crossbows
 + Level 2.7 Dodging
 * Level 1.7 Spellcasting
 - Level 4.0 Hexes


You had one spell level left.
You knew the following spells:

 Your Spells              Type           Power        Failure   Level  Hunger
a - Corona                Hex            #......      10%         1    ##.....
b - Slow                  Hex            #.......     12%         2    ###....
c - Inner Flame           Hex/Fire       #.......     47%         3    ####...


Dungeon Overview and Level Annotations

Branches:
Dungeon (3/15)

Altars:
Vehumet


Innate Abilities, Weirdness & Mutations

You are small and have problems with some larger weapons.
You are carnivorous and can eat meat at any time.


Message History

Your Short Blades skill increases to level 1!
You smell decay.
Yuck! (slots t and u)
You see here the human skeleton of Jessica.
There is a stone staircase leading down here.
Partly explored, can't reach some places.
Partly explored, can't reach some places.
Partly explored, can't reach some places.
Drink which item? (? for menu, Esc to quit)
You feel very mighty all of a sudden.
It was a potion of might.
A rat comes into view.
Drink which item? (? for menu, Esc to quit)
You feel protected.
It was a potion of resistance.
Really walk into a travel-excluded area?
Really walk into that cloud of flame?
You are engulfed in roaring flames.
You resist.
You are engulfed in roaring flames.
You resist.
You are engulfed in roaring flames.
You resist.
You die...

..................%........#
....#####.####.....#######.#
.....####.########...# #.#
..........)..# #§§§# #.#
.....#######.# #§§§# #.#
......## #.# #§§§# #.#
.......###########...#####.#
....##....###.§§§!).!.§§§..#
...####...##..§§@..$..§§§..#
#### ##...#...§§§..$$.§§§.##
## #.......#####...##### .##
#.......# #§§§# ..##
#.......# #§§§#
...####...#..# #§§§#
......#...#..#####...#
##.##.#..r#........###
##..#....##........#


There were no monsters in sight!

Vanquished Creatures
  Jessica (D:3)
  4 adders
  A worm (D:2)
  6 giant geckos (D:1)
  An orc (D:3)
  A ball python (D:2)
  A giant cockroach (D:2)
  6 goblins
  5 hobgoblins
  3 jackals (D:1)
  5 kobolds
  A quokka (D:3)
  7 bats
  6 giant newts
  7 rats
55 creatures vanquished.

Notes
Turn   | Place    | Note
--------------------------------------------------------------
     0 | D:1      | N00bl0rd, the Kobold Arcane Marksman, began the quest for the Orb.
     0 | D:1      | Reached XP level 1. HP: 12/12 MP: 2/2
   223 | D:1      | Reached XP level 2. HP: 16/16 MP: 3/3
   264 | D:1      | Learned a level 2 spell: Slow
   790 | D:1      | Reached XP level 3. HP: 18/20 MP: 4/4
  1744 | D:2      | Reached XP level 4. HP: 25/25 MP: 6/6
  2047 | D:2      | Reached skill level 4 in Hexes
  2234 | D:3      | Learned a level 3 spell: Inner Flame
  2598 | D:3      | Noticed Jessica
  2605 | D:3      | Killed Jessica
  2605 | D:3      | Reached XP level 5. HP: 26/29 MP: 1/7
  2642 | D:3      | Found a radiant altar of Vehumet.
  2845 | D:3      | Reached skill level 1 in Short Blades
  2968 | D:3      | Engulfed by a cloud of flame

Action                   |  1- 3 |  4- 6 || total
-------------------------+-------+-------++-------
Melee: Dagger            |    79 |    55 ||   134
 Fire: Crossbow          |    15 |       ||    15
 Cast: Corona            |     1 |     3 ||     4
       Slow              |       |     5 ||     5
  Use: Potion            |       |     3 ||     3
 Stab: Sleeping          |       |     1 ||     1
  Eat: Chunk             |    11 |     4 ||    15
